AoeStats
← only1

Arena

510268108Analyzed
4v4 RM · 2d ago on Sep 30, 2026· 46m 50s· 8 players
Game mode
Random Map
Map size
Large (8 player)
Population
200
Speed
Normal
Resources
Standard
Victory
Conquest
Starting age
Dark Age
Ending age
Imperial Age
RankedLock teamsTeams togetherTeam positionsShared explorationLock speedFull tech treeHidden civsTurbo modeCheats
Victory
Defeat
🇨🇳 Hindustanis · China
925
+14
🇵🇰 Jurchens · Pakistan
873
+16
🇨🇳 Saracens · China
847
+17
🇨🇿 Khmer · Czechia
919
-18
🇩🇪 Britons · Germany
909
-18
🇹🇷 Mongols · Türkiye
869
-16
🇺🇸 Khmer · United States
828
-14
only1
10:21 Feudal Age
8:52 Loom
16:06 Castle Age
26:19 Husbandry
26:30 Bloodlines
29:59 Imperial Age
28:01 Double-Bit Axe
27:57 Horse Collar
28:11 Gold Mining
28:14 Stone Mining
29:07 Scale Barding Armor
29:12 Forging
30:51 Heavy Plow
30:52 Heavy Camel Rider
32:02 Bow Saw
32:38 Stone Shaft Mining
33:34 Wheelbarrow
32:44 Town Watch
34:28 Chemistry
35:30 Two-Man Saw
35:19 Gold Shaft Mining
35:56 Hand Cart
36:27 Ballistics
36:19 Fortified Wall
36:41 Town Patrol
38:11 Chain Barding Armor
38:26 Iron Casting
37:49 Imperial Camel Rider
39:40 Conscription
39:22 Grand Trunk Road
40:06 Hoardings
40:39 Plate Barding Armor
40:15 Elite Ghulam
45:27 Siege Engineers
45:33 Masonry
48:24 Blast Furnace
魔幻蓝天
11:46 Feudal Age
12:11 Horse Collar
12:21 Double-Bit Axe
13:36 Stone Mining
21:12 Castle Age
19:32 Gold Mining
26:38 Gold Shaft Mining
26:17 Bow Saw
37:32 Imperial Age
36:14 Forging
36:10 Scale Barding Armor
38:02 Iron Casting
38:02 Elite Mameluke
39:03 Conscription
39:14 Chain Barding Armor
39:57 Blast Furnace
40:11 Two-Man Saw
39:46 Counterweights
41:52 Plate Barding Armor
41:31 Bloodlines
41:21 Husbandry
42:02 Wheelbarrow
41:13 Loom
41:13 Town Watch
ALAM-THE-GHAZAI
6:07 Loom
11:45 Feudal Age
17:28 Castle Age
15:44 Double-Bit Axe
16:58 Horse Collar
19:27 Heavy Plow
21:27 Wheelbarrow
21:53 Town Watch
24:03 Treadmill Crane
25:40 Bow Saw
27:22 Hand Cart
32:10 Imperial Age
30:17 Devotion
31:17 Gold Mining
31:18 Stone Mining
31:41 Forging
32:17 Heavy Rocket Cart
34:04 Chemistry
33:09 Caravan
33:56 Fortified Wall
33:52 Capped Ram
35:32 Guilds
35:31 Siege Engineers
35:35 Town Patrol
35:57 Fletching
36:43 Iron Casting
36:40 Bodkin Arrow
37:37 Heavy Scorpion
39:13 Gold Shaft Mining
39:15 Stone Shaft Mining
39:32 Siege Ram
42:08 Elite Fire Lancer
43:54 Arson
44:14 Padded Archer Armor
44:14 Scale Mail Armor
45:43 Ballistics
45:33 Masonry
不时用藏语小声说藏话的邻座丁真同学
9:46 Feudal Age
14:19 Castle Age
15:45 Horse Collar
21:27 Double-Bit Axe
27:20 Gold Mining
27:21 Stone Mining
30:52 Imperial Age
28:55 Scale Barding Armor
29:02 Forging
29:36 Marauders
30:54 Husbandry
31:04 Bloodlines
31:16 Chain Barding Armor
31:32 Iron Casting
31:57 Wheelbarrow
31:38 Bow Saw
32:34 Elite Tarkan
33:36 Conscription
33:53 Plate Barding Armor
34:42 Blast Furnace
34:12 Heavy Plow
34:03 Loom
35:08 Hand Cart
36:33 Town Watch
40:14 Fletching
40:25 Padded Archer Armor
41:35 Thumb Ring
41:56 Heavy Cavalry Archer
43:40 Bodkin Arrow
44:01 Leather Archer Armor
44:59 Parthian Tactics
45:02 Bracer
Bc. .
9:45 Feudal Age
12:53 Castle Age
13:22 Horse Collar
17:24 Fletching
18:53 Heavy Plow
19:33 Double-Bit Axe
21:37 Bow Saw
22:00 Padded Archer Armor
24:07 Gold Mining
29:13 Imperial Age
30:05 Bodkin Arrow
31:50 Chemistry
31:16 Ballistics
32:06 Double Crossbow
32:21 Scale Barding Armor
33:03 Forging
33:29 Elite Ballista Elephant
35:59 Tusk Swords
36:54 Wheelbarrow
36:38 Leather Archer Armor
37:19 Chain Barding Armor
38:10 Conscription
38:41 Iron Casting
37:42 Elite Skirmisher
38:37 Bloodlines
39:08 Bracer
42:42 Ring Archer Armor
steveroessler
0:35 Loom
12:09 Feudal Age
12:55 Double-Bit Axe
19:29 Castle Age
18:23 Fletching
18:34 Padded Archer Armor
18:20 Horse Collar
20:09 Stone Mining
20:43 Gold Mining
23:31 Ballistics
26:51 Wheelbarrow
26:34 Leather Archer Armor
27:33 Bodkin Arrow
28:10 Yeomen
31:14 Imperial Age
29:57 Bow Saw
29:49 Heavy Plow
31:15 Elite Longbowman
33:00 Chemistry
32:03 Bracer
32:43 Conscription
34:16 Gold Shaft Mining
34:35 Ring Archer Armor
36:02 Two-Man Saw
34:51 Pikeman
35:53 Forging
35:44 Scale Mail Armor
36:17 Halberdier
37:45 Chain Mail Armor
39:26 Iron Casting
39:08 Squires
41:32 Blast Furnace
41:03 Plate Mail Armor
Malatyalı44
4:03 Loom
10:59 Feudal Age
16:36 Castle Age
14:32 Horse Collar
17:40 Double-Bit Axe
19:04 Bow Saw
19:44 Heavy Plow
24:40 Wheelbarrow
32:41 Imperial Age
30:21 Gold Mining
30:23 Stone Mining
31:44 Fletching
31:54 Padded Archer Armor
32:01 Scale Barding Armor
32:28 Caravan
32:49 Squires
33:09 Pikeman
33:36 Arson
34:21 Drill
34:03 Nomads
35:11 Ballistics
35:53 Chemistry
35:04 Fortified Wall
36:24 Conscription
36:38 Hand Cart
38:17 Leather Archer Armor
37:58 Bodkin Arrow
37:53 Heavy Camel Rider
40:37 Hoardings
41:52 Chain Barding Armor
42:18 Bracer
44:10 Elite Mangudai
44:18 Elite Mangudai
45:28 Forging
45:20 Scale Mail Armor
46:06 Bloodlines
45:19 Light Cavalry
46:02 Husbandry
46:42 Hussar
AhMeskoozy
0:49 Loom
13:06 Feudal Age
21:28 Castle Age
20:22 Horse Collar
23:45 Wheelbarrow
23:13 Heavy Plow
24:03 Double-Bit Axe
32:34 Imperial Age
30:36 Ballistics
30:26 Scale Barding Armor
30:32 Husbandry
31:19 Bloodlines
33:44 Hand Cart
33:53 Hand Cart
33:59 Bow Saw
33:47 Gold Mining
35:32 Gold Shaft Mining
37:22 Conscription
37:40 Crop Rotation
38:17 Siege Engineers
41:07 Double Crossbow
Connection lost

Rejoining the realm…

Still unreachable

The connection could not be restored.

Session expired

The server has moved on; the page needs a fresh start.